 Dungeon Crawl Stone Soup version 0.17-a0-849-g0c87caa (webtiles) character file.

101 FedoraBrony69 the Magician (level 4, 0/24 HPs)
             Began as a Deep Elf Air Elementalist on Apr 27, 2015.
             Slain by an orc
             ... wielding a +0 flail
              (7 damage)
             ... on level 3 of the Dungeon.
             The game lasted 00:04:33 (1857 turns).

FedoraBrony69 the Magician (DEAE)                   Turns: 1857, Time: 00:04:33

Health: 0/24       AC:  2    Str:  5    XL:     4   Next: 48%
Magic:  1/12       EV: 13    Int: 21    God:
Gold:   98         SH:  0    Dex: 15    Spells: 1 memorised, 10 levels left

rFire  . . .     SeeInvis .     e - +0 whip (elec)
rCold  . . .     Clarity  .     a - +0 robe
rNeg   . . .     SustAb   .     (no shield)
rPois  .         Gourm    .     (no helmet)
rElec  .         Spirit   .     (no cloak)
rCorr  .         Warding  .     (no gloves)
rMut   .         Stasis   .     (no boots)
MR     .....                    (no amulet)
Stlth  ++........               (no ring)
                                (no ring)

@: not resistant to hostile enchantments, unstealthy
A: no striking features
a: no special abilities


You were on level 3 of the Dungeon.
You were not hungry.

You visited 1 branch of the dungeon, and saw 3 of its levels.

You collected 98 gold pieces.

Inventory:

Hand weapons
 e - a +0 whip of electrocution (weapon)
 l - a +1 dagger of electrocution
Armour
 a - a +0 robe (worn)
Jewellery
 k - a +5 ring of intelligence {unknown}
Scrolls
 d - 4 scrolls of identify {unknown}
 f - 3 scrolls of remove curse {unknown}
 h - a scroll of enchant weapon {unknown}
 i - a scroll of blinking {unknown}
 o - a scroll of noise {unknown}
Potions
 g - 2 potions of magic {unknown}
 j - a potion of mutation {unknown}
 m - a potion of curing {unknown}
 n - a potion of heal wounds {unknown}
 q - a potion of agility {unknown}
Books
 b - a book of Air

   Spells                             Type                      Level
   a - Shock                          Conjuration/Air              1
   b - Swiftness                      Charms/Air                   2
   c - Repel Missiles                 Charms/Air                   2
   d - Flight                         Charms/Air                   3
   e - Static Discharge               Conjuration/Air              3
   f - Lightning Bolt                 Conjuration/Air              5
Comestibles
 c - 3 bread rations
 p - 2 chunks of flesh


   Skills:
 - Level 2.4 Dodging
 - Level 2.4 Stealth
 + Level 4.2 Spellcasting
 + Level 2.9 Conjurations
 + Level 4.0 Air Magic


You had 10 spell levels left.
You knew the following spells:

 Your Spells              Type           Power        Failure   Level  Hunger
a - Shock                 Conj/Air       ###.         2%          1    None


Dungeon Overview and Level Annotations

Branches:
Dungeon (3/15)

Altars:
Dithmenos
Gozag

Annotations:
D:3 Sigmund


Message History

The zap hits the orc wizard.
The orc wizard is almost dead.
The orc wizard hits you but does no damage.
You barely miss the orc wizard.
The orc wizard is almost dead.
The orc completely misses you. The orc wizard hits you with a dagger.
* * * LOW HITPOINT WARNING * * *
Casting: Shock
Confirm with . or Enter, or press ? or * to list all spells.
Aiming: Shock
Press: ? - help, Shift-Dir - straight line, f/p - orc wizard
Aim: an orc wizard, wielding a dagger and wearing a robe (almost dead)
The zap hits the orc wizard.
You kill the orc wizard!
Your Air Magic skill increases to level 4!
The orc hits you but does no damage.
You barely miss the orc. The orc misses you.
You closely miss the orc. The orc closely misses you.
You completely miss the orc. The orc hits you with a flail!
You die...

. #.# #. #.# #.
#.##### #.
####.....# #.
#........+ #.
#.#......# ######.
##.##..#+###.#
........###..##..#.#
#.# #o@...###....#
#.# #..)#####
#.#..###.## #.)...
#.#........ #.....
#.#..###.#. #.....
#.##.#..... #.....
+. #.#..... ..... ##
#.#[.).# ....
#..##'#. #
#[....ยงยง


You could see an orc.

Vanquished Creatures
  An orc wizard (D:3)
  3 worms
  9 orcs (D:3)
  4 bats
  3 giant cockroaches
  4 hobgoblins
  4 jackals (D:1)
  2 ball pythons (D:1)
  2 giant newts
  11 goblins
  11 kobolds
  3 rats
57 creatures vanquished.

Notes
Turn   | Place    | Note
--------------------------------------------------------------
     0 | D:1      | FedoraBrony69, the Deep Elf Air Elementalist, began the quest for the Orb.
     0 | D:1      | Reached XP level 1. HP: 10/10 MP: 6/6
   232 | D:1      | Reached XP level 2. HP: 15/15 MP: 5/8
   984 | D:2      | Reached XP level 3. HP: 17/19 MP: 5/9
  1224 | D:2      | Found an opulent altar of Gozag.
  1637 | D:3      | Reached skill level 4 in Spellcasting
  1645 | D:3      | Noticed Sigmund
  1650 | D:3      | Found a shadowy altar of Dithmenos.
  1779 | D:3      | Reached XP level 4. HP: 21/24 MP: 0/12
  1857 | D:3      | Slain by an orc

Action                   |  1- 3 |  4- 6 || total
-------------------------+-------+-------++-------
Melee: Unarmed           |     6 |       ||     6
       Whip              |    20 |     4 ||    24
 Cast: Shock             |   108 |     9 ||   117
  Eat: Chunk             |     2 |     1 ||     3
